AoeStats
← ArkaelS4

Arena

505804510Analyzed
4v4 RM · 22d ago on Sep 11, 2026· 53m 19s· 8 players
Game mode
Random Map
Map size
Large (8 player)
Population
200
Speed
Normal
Resources
Standard
Victory
Conquest
Starting age
Dark Age
Ending age
Imperial Age
RankedLock teamsTeams togetherTeam positionsShared explorationLock speedFull tech treeHidden civsTurbo modeCheats
Victory
Defeat
🇺🇸 Celts · United States
1135
+12
🇺🇸 Khmer · United States
1122
+12
🇺🇸 Romans · United States
915
+21
🇺🇸 Bohemians · United States
898
+21
🇺🇸 Bengalis · United States
1136
-21
🇺🇸 Koreans · United States
1094
-19
🇺🇸 Turks · United States
969
-38
🇺🇸 Burgundians · United States
907
-12
ArkaelS4
11:21 Feudal Age
14:02 Castle Age
12:32 Double-Bit Axe
14:08 Horse Collar
24:30 Gold Mining
24:55 Bow Saw
24:47 Heavy Plow
25:43 Wheelbarrow
25:15 Stone Mining
26:11 Gold Shaft Mining
27:31 Stone Shaft Mining
30:28 Imperial Age
28:16 Forging
28:17 Scale Barding Armor
28:18 Husbandry
29:22 Chain Barding Armor
29:38 Iron Casting
29:16 Bloodlines
30:35 Tusk Swords
30:29 Elite Battle Elephant
32:12 Blast Furnace
31:56 Plate Barding Armor
31:47 Conscription
31:52 Loom
32:41 Crop Rotation
34:36 Chemistry
34:22 Ballistics
34:08 Siege Engineers
35:54 Fletching
36:08 Padded Archer Armor
36:40 Heavy Scorpion
37:39 Murder Holes
37:53 Double Crossbow
42:14 Light Cavalry
43:21 Hussar
46:07 Bodkin Arrow
46:27 Leather Archer Armor
46:13 Scale Mail Armor
46:51 Fortified Wall
46:51 Masonry
52:59 Bracer
53:30 Ring Archer Armor
53:18 Chain Mail Armor
Nite_Hawk88
11:39 Feudal Age
15:52 Castle Age
14:57 Double-Bit Axe
15:04 Horse Collar
19:31 Heavy Plow
22:16 Squires
26:07 Bow Saw
27:24 Pikeman
28:08 Scale Mail Armor
28:19 Forging
34:55 Imperial Age
33:06 Wheelbarrow
35:09 Halberdier
37:04 Chemistry
37:13 Hand Cart
36:52 Loom
37:07 Houfnice
47:01 Two-Man Saw
48:02 Elite Hussite Wagon
50:12 Conscription
50:51 Chain Mail Armor
51:12 Iron Casting
50:41 Houfnice
53:37 Wagenburg Tactics
pandosopoderoso
12:01 Feudal Age
11:19 Loom
16:05 Castle Age
14:11 Double-Bit Axe
14:22 Horse Collar
15:39 Gold Mining
17:14 Bow Saw
18:19 Heavy Plow
20:41 Scale Mail Armor
24:30 Forging
25:40 Chain Mail Armor
28:50 Iron Casting
30:33 Arson
38:22 Imperial Age
37:02 Wheelbarrow
37:07 Gold Shaft Mining
37:30 Stone Mining
39:03 Hand Cart
38:29 Onager
39:33 Siege Onager
42:19 Siege Engineers
42:35 Ballistics
42:47 Ballistics
43:42 Scale Barding Armor
43:32 Cavalier
44:41 Furor Celtica
44:54 Conscription
44:45 Cavalier
45:26 Husbandry
46:32 Blast Furnace
45:56 Chain Barding Armor
46:09 Fletching
46:04 Paladin
47:47 Bodkin Arrow
Jockoh42
0:32 Loom
10:48 Feudal Age
15:34 Castle Age
14:47 Double-Bit Axe
18:32 Bow Saw
22:16 Gold Mining
24:31 Horse Collar
25:43 Gold Shaft Mining
28:07 Heavy Plow
28:12 Stone Mining
28:27 Scale Mail Armor
28:18 Fletching
28:40 Forging
29:28 Wheelbarrow
29:08 Man-at-Arms
29:52 Squires
33:04 Imperial Age
30:21 Loom
31:39 Ballistics
31:16 Murder Holes
32:47 Ballistas
32:36 Pikeman
34:40 Heavy Scorpion
35:23 Bodkin Arrow
35:29 Padded Archer Armor
35:45 Chain Mail Armor
36:06 Iron Casting
35:11 Halberdier
37:45 Chemistry
38:18 Conscription
41:35 Blast Furnace
40:41 Scale Barding Armor
40:52 Leather Archer Armor
44:18 Comitatenses
48:06 Siege Engineers
51:18 Husbandry
51:29 Bloodlines
50:41 Light Cavalry
Noorda
10:49 Feudal Age
9:05 Loom
14:42 Castle Age
13:48 Double-Bit Axe
13:47 Horse Collar
17:36 Bow Saw
18:41 Wheelbarrow
22:18 Hand Cart
23:22 Gold Mining
27:33 Imperial Age
27:12 Fletching
27:22 Padded Archer Armor
28:04 Ballistics
29:25 Bloodlines
29:15 Husbandry
29:32 Leather Archer Armor
29:12 Bodkin Arrow
30:25 Chemistry
29:56 Elite Elephant Archer
30:46 Paiks
32:06 Conscription
32:03 Bracer
31:37 Light Cavalry
35:50 Coinage
39:16 Banking
43:06 Ring Archer Armor
43:20 Mahayana
43:07 Onager
44:26 Scale Barding Armor
44:31 Forging
47:21 Siege Engineers
Angelix
10:47 Feudal Age
15:47 Castle Age
13:55 Double-Bit Axe
15:12 Horse Collar
16:46 Bow Saw
23:29 Fletching
25:40 Bodkin Arrow
27:53 Gold Mining
28:10 Heavy Plow
35:47 Imperial Age
40:12 Loom
42:55 Loom
52:41 Imperial Age
finalflash
12:40 Feudal Age
13:12 Double-Bit Axe
15:38 Horse Collar
16:39 Wheelbarrow
23:03 Castle Age
25:42 Town Watch
49:11 Caravan
Smoothshoo
5:56 Double-Bit Axe
12:05 Feudal Age
10:37 Horse Collar
12:59 Bow Saw
14:03 Heavy Plow
18:42 Castle Age
18:16 Scale Barding Armor
18:22 Forging
18:56 Wheelbarrow
21:10 Two-Man Saw
21:09 Hand Cart
21:39 Husbandry
23:27 Chain Barding Armor
23:06 Cavalier
24:39 Gold Mining
26:12 Crop Rotation
26:59 Iron Casting
26:15 Fletching
26:26 Padded Archer Armor
27:22 Ballistics
28:29 Gold Shaft Mining
32:14 Imperial Age
29:46 Stone Mining
30:32 Bodkin Arrow
30:37 Padded Archer Armor
32:59 Stone Shaft Mining
33:10 Leather Archer Armor
33:19 Paladin
34:39 Burgundian Vineyards
34:58 Conscription
40:43 Plate Barding Armor
41:08 Blast Furnace
50:57 Chemistry
Connection lost

Rejoining the realm…

Still unreachable

The connection could not be restored.

Session expired

The server has moved on; the page needs a fresh start.